[Event "Titled Tuesday Blitz August 22 Early 2023"]
[White "Sai Han Thiha"]
[Black "Shahaliyev, Ismayil"]
[WhiteFideId "13012290"]
[BlackFideId "13406388"]
[WhiteElo "2450"]
[BlackElo "2583"]
[Result "0-1"]
[Round "6"]
[TimeControl "180+1"]
[Date "2023.08.22"]
[WhiteClock "0:00:03"]
[BlackClock "0:00:16"]
[Board "112"]

1. Nf3 d5 2. g3 Nf6 3. Bg2 g6 4. b3 Bg7 5. Bb2 O-O 6. c4 c5 7. cxd5 Qxd5 8. O-O Rd8 9. d3 Qh5 10. Qc2 Nc6 11. Nbd2 Nd4 12. Bxd4 cxd4 13. Rfc1 Bh6 14. Qc5 Bg4 15. Qxh5 Bxh5 16. Rc7 Rd7 17. Rxd7 Nxd7 18. Nc4 Rd8 19. Na5 Nc5 20. b4 Na4 21. Nxb7 Rd7 22. Ne5 Rc7 23. Nc4 Nc3 24. e3 dxe3 25. fxe3 Be2 26. Bf1 Bf3 27. Kf2 Bxb7 28. a3 Na4 29. e4 Bg7 30. Rc1 Bd4+ 31. Kf3 Ba6 32. Rc2 Nb6 33. h4 Bb5 34. Rc1 Nd7 35. Rd1 h5 36. Kf4 Kg7 37. Rd2 Nf8 38. Ra2 Ne6+ 39. Kf3 Ba4 40. Rd2 Bc3 41. Rg2 Nd4+ 42. Ke3 Nb5 43. g4 Bd4+ 44. Kf4 hxg4 45. Rxg4 Bb3 46. h5 Bxc4 47. dxc4 Nxa3 48. c5 e5+ 49. Kf3 a5 50. bxa5 Rxc5 51. a6 Rc3+ 52. Kg2 Rc2+ 53. Kh3 Ra2 54. Bd3 Kf6 55. hxg6 fxg6 56. Rg3 Rd2 57. Kg4 Ke7 58. Kg5 Kd6 59. Kxg6 Kc7 60. Kf5 Kb6 61. Rg6+ Ka5 62. Rg3 Nb5 63. Bxb5 Kxb5 64. Ra3 Rf2+ 65. Ke6 Rf8 66. a7 Ra8 67. Kd5 Kb6 68. Rb3+ Kc7 69. Ra3 Kb7 70. Rb3+ Kxa7 71. Kc6 Rc8+ 72. Kd5 Rb8 73. Ra3+ Kb7 74. Rh3 Kb6 75. Rb3+ Kc7 76. Rh3 Rb5+ 77. Ke6 Kc6 78. Rh8 Kc5 79. Rc8+ Kb4 80. Rc1 Rc5 81. Rb1+ Kc4 82. Rd1 Bc3 83. Kf5 Rb5 84. Ke6 Rb2 85. Rd8 Re2 86. Kf5 Rf2+ 87. Ke6 Bd4 88. Rc8+ Kd3 89. Kd5 Rf7 90. Ra8 Rd7+ 91. Ke6 Rb7 92. Kf5 Rb3 93. Rd8 Ke3 94. Rh8 Rb1 95. Rh3+ Kf2 96. Rd3 Re1 97. Rb3 Re3 98. Rb6 Kf3 99. Rh6 Rxe4 100. Rh3+ Kg2 101. Rh8 Rf4+ 102. Kg5 Kf3 103. Rd8 Ke4 104. Ra8 Rf1 105. Ra4 Rg1+ 106. Kf6 Kd3 107. Kf5 Rf1+ 108. Kg4 e4 109. Ra3+ Bc3 110. Ra8 e3 111. Rd8+ Bd4 112. Ra8 e2 113. Ra3+ Bc3 114. Rxc3+ Kxc3 0-1


[Site "https://www.chess.com"]

[Event "Titled Tuesday Blitz August 22 Early 2023"]
[White "Rosen, Eric"]
[Black "Balla, Tamas-Kristof"]
[WhiteFideId "2032562"]
[BlackFideId "1208497"]
[WhiteElo "2581"]
[BlackElo "2449"]
[Result "1-0"]
[Round "6"]
[TimeControl "180+1"]
[Date "2023.08.22"]
[WhiteClock "0:00:08"]
[BlackClock "0:00:07"]
[Board "113"]

1. d4 d5 2. Bf4 Nf6 3. e3 e6 4. Nf3 Bd6 5. Ne5 O-O 6. Nd2 b6 7. h4 c5 8. c3 h6 9. Qf3 Bb7 10. Bd3 Nc6 11. g4 cxd4 12. exd4 Ne4 13. Nxe4 Nxe5 14. dxe5 dxe4 15. Bxe4 Bxe4 16. Qxe4 Be7 17. Rd1 Qc7 18. Bg3 Rad8 19. O-O Rxd1 20. Rxd1 Rd8 21. Rd4 Bc5 22. Rd3 Rxd3 23. Qxd3 Qc6 24. b3 a5 25. a4 Be7 26. h5 Qc5 27. Qc4 Qa3 28. Bf4 Qa1+ 29. Kg2 Qd1 30. Be3 Bc5 31. Bxc5 bxc5 32. Kg3 Qc1 33. Qxc5 Qg1+ 34. Kf3 Qh1+ 35. Ke3 Qe1+ 36. Kd3 Qd1+ 37. Kc4 Qd7 38. Qd4 Qc6+ 39. Kd3 Qf3+ 40. Kc4 Qc6+ 41. Qc5 Qf3 42. Kb5 Qxg4 43. Kxa5 Qxh5 44. b4 Qf3 45. b5 h5 46. b6 Qa8+ 47. Kb5 h4 48. Qc6 Qb8 49. Qc7 Qe8+ 50. Ka6 h3 51. b7 Qxa4+ 52. Kb6 Qb3+ 53. Kc6 Qxc3+ 54. Kd7 Qd4+ 55. Ke8 Qa4+ 56. Qd7 Qb4 57. Qxf7+ Kh8 58. Qh5+ Kg8 59. Qf7+ Kh8 60. Qf8+ Qxf8+ 61. Kxf8 h2 62. b8=Q h1=Q 63. Kf7+ Kh7 64. Qg8+ Kh6 65. Qh8+ Kg5 66. Qxh1 Kf5 67. Kxg7 Kxe5 68. Qe1+ Kd5 69. f4 1-0


[Site "https://www.chess.com"]

[Event "Titled Tuesday Blitz August 22 Early 2023"]
[White "Herzog2012"]
[Black "Ibadov, Dashgyn"]
[BlackFideId "24107514"]
[WhiteElo "2444"]
[BlackElo "2578"]
[Result "0-1"]
[Round "6"]
[TimeControl "180+1"]
[Date "2023.08.22"]
[WhiteClock "0:00:00"]
[BlackClock "0:00:04"]
[Board "114"]

1. e4 e5 2. Nc3 Nf6 3. g3 d5 4. exd5 c6 5. d4 exd4 6. Qxd4 cxd5 7. Bg5 Be7 8. O-O-O Nc6 9. Bb5 O-O 10. Qa4 Be6 11. Nf3 a6 12. Bxc6 bxc6 13. Qxc6 Qb8 14. Bf4 Qa7 15. Be3 Qb8 16. Bf4 Qd8 17. Nd4 Rc8 18. Nxe6 fxe6 19. Qxe6+ Kh8 20. Nxd5 Nxd5 21. Rxd5 Qe8 22. Re1 Qa4 23. Rd2 Bb4 24. Ree2 Bxd2+ 25. Rxd2 Rfe8 26. Qb3 Re1+ 27. Rd1 Rxd1+ 28. Kxd1 Qe4 29. Qd3 Qh1+ 30. Kd2 Re8 31. Be3 Qxh2 32. Qxa6 Qh1 33. Qd3 Qb1 34. Bd4 Qxa2 35. Qc3 Rg8 36. b3 Qa8 37. Qe3 Qd5 38. c4 Qb7 39. Kc3 Rb8 40. Kc2 Qa6 41. Bxg7+ Kg8 42. Bb2 Qg6+ 43. Kc1 Re8 44. Qd4 Re1+ 45. Kd2 Re7 46. Qd8+ Kf7 47. Qd4 Ke8 48. Qc3 Rd7+ 49. Ke1 Qb1+ 50. Ke2 Qd1+ 0-1


[Site "https://www.chess.com"]

[Event "Titled Tuesday Blitz August 22 Early 2023"]
[White "Begunov, Konstantin"]
[Black "Yurovskykh, Oleksandr"]
[WhiteFideId "4118510"]
[BlackFideId "14134020"]
[WhiteElo "2443"]
[BlackElo "2576"]
[Result "0-1"]
[Round "6"]
[TimeControl "180+1"]
[Date "2023.08.22"]
[WhiteClock "0:00:00"]
[BlackClock "0:00:07"]
[Board "115"]

1. d4 d5 2. c4 dxc4 3. Nf3 Nf6 4. e3 e6 5. Bxc4 c5 6. Nc3 Nc6 7. O-O cxd4 8. exd4 Be7 9. Bg5 O-O 10. Rc1 b6 11. Qd3 Nb4 12. Qe2 Bb7 13. Rfd1 Rc8 14. Ne5 Nbd5 15. Re1 Nxc3 16. bxc3 Nd5 17. Bd2 Bg5 18. Bd3 g6 19. Be4 Bxd2 20. Qxd2 Qc7 21. c4 Nf6 22. Bxb7 Qxb7 23. Qg5 Kg7 24. Re3 Nd7 25. Rh3 Nxe5 26. Qh6+ Kf6 27. Qh4+ g5 28. dxe5+ Ke7 29. Qxg5+ Kd7 30. Rxh7 Qe4 31. Qf6 Qxh7 32. Rd1+ Kc6 33. Qe7 Rfd8 34. Rd6+ Rxd6 35. Qxd6+ Kb7 36. g3 Qb1+ 37. Kg2 Qe4+ 38. Kg1 Qxc4 39. Qd7+ Rc7 40. Qd8 Qc1+ 41. Kg2 Qc6+ 42. Kh3 Qd5 43. Qf6 Qxa2 44. f4 Qe2 45. Qg5 a5 0-1


[Site "https://www.chess.com"]

[Event "Titled Tuesday Blitz August 22 Early 2023"]
[White "Zenin, Dmitry"]
[Black "Willy, Stephen"]
[WhiteFideId "4127897"]
[BlackFideId "30981468"]
[WhiteElo "2428"]
[BlackElo "2554"]
[Result "1/2-1/2"]
[Round "6"]
[TimeControl "180+1"]
[Date "2023.08.22"]
[WhiteClock "0:01:07"]
[BlackClock "0:00:05"]
[Board "116"]

1. d4 g6 2. c4 Bg7 3. e4 c5 4. Nf3 cxd4 5. Nxd4 Nc6 6. Be3 Nf6 7. Nc3 O-O 8. Be2 d6 9. O-O Bd7 10. Qd2 Ng4 11. Bxg4 Bxg4 12. Rac1 Rc8 13. h3 Bd7 14. Rfd1 Nxd4 15. Bxd4 Rxc4 16. Bxg7 Kxg7 17. e5 Be6 18. exd6 Qxd6 19. Qxd6 exd6 20. Rxd6 b5 21. a3 a5 22. Re1 b4 23. axb4 Rxb4 24. Ra6 Rxb2 25. Rxa5 Rc8 26. Re3 Rc2 27. Ne4 Rb8 28. Ng5 Rb1+ 29. Kh2 Rxf2 30. Nxe6+ fxe6 31. Rxe6 Rbb2 32. Rg5 Kf7 33. Ra6 Rb7 34. Rg4 Rc7 35. Rga4 h5 36. Ra7 Rxa7 37. Rxa7+ Kf6 38. Ra5 Rc2 39. Rb5 h4 40. Rb4 g5 41. Rb5 Rc3 42. Ra5 Re3 43. Rb5 Re5 44. Rb4 Kf5 45. Rb6 Kf4 46. Rb4+ Ke3 47. Rg4 Rf5 48. Kg1 Ke2 49. Re4+ Kd3 50. Rg4 Ke3 51. Ra4 Rb5 52. Rg4 Ke2 53. Re4+ Kd3 54. Re7 Kd2 55. Kh2 Rf5 56. Re8 Rd5 57. Re7 Rd3 58. Re5 Rg3 59. Kh1 g4 1/2-1/2


[Site "https://www.chess.com"]

[Event "Titled Tuesday Blitz August 22 Early 2023"]
[White "Zeck_CH"]
[Black "Martinez Reyes, Pedro Ramon"]
[BlackFideId "3901807"]
[WhiteElo "2428"]
[BlackElo "2553"]
[Result "0-1"]
[Round "6"]
[TimeControl "180+1"]
[Date "2023.08.22"]
[WhiteClock "0:00:00"]
[BlackClock "0:00:22"]
[Board "117"]

1. e4 c5 2. Nf3 Nc6 3. Bb5 g6 4. Bxc6 bxc6 5. O-O Bg7 6. Re1 Rb8 7. e5 Nh6 8. d4 cxd4 9. Qxd4 Qb6 10. Qe4 O-O 11. b3 f5 12. Qc4+ e6 13. Ba3 Re8 14. Bd6 Ra8 15. Nc3 Ba6 16. Qf4 Nf7 17. Na4 Qd8 18. Ba3 g5 19. Qd4 g4 20. Nd2 d5 21. Nc5 Bc8 22. f4 gxf3 23. Nxf3 Ng5 24. Nxg5 Qxg5 25. Bc1 Qg4 26. Qxg4 fxg4 27. Bf4 a5 28. Rad1 Kf8 29. Rd3 Kg8 30. Rg3 h5 31. h3 Bf8 32. Nd3 Ba6 33. hxg4 h4 34. Rh3 Be7 35. g5 Kg7 36. Rxh4 Rh8 37. Rh6 Kf7 38. g3 Rag8 39. Rxh8 Rxh8 40. Nf2 Kg6 41. Kg2 Bxg5 42. Nh3 Be7 43. Bd2 a4 44. Nf4+ Kf5 45. Kf3 Rg8 46. Bc3 c5 47. Ba5 d4 48. Bc7 Bb7+ 49. Kf2 Rh8 50. Ke2 Be4 51. Kd1 Rh2 52. Ne2 Bf3 53. Kd2 Bg5+ 54. Kd3 Be4+ 55. Kc4 Bd2 56. Rf1+ Kg4 57. Nf4 Be3 58. Kxc5 d3+ 59. Kd6 dxc2 60. Ne2 Rxe2 61. Ba5 c1=Q 62. Rxc1 Bxc1 63. b4 Bb2 64. Kxe6 Bf5+ 65. Kd6 Rxe5 66. Kc6 Be4+ 67. Kb6 Bd3 68. Kc6 Rb5 69. a3 Bxa3 70. Kd6 Bxb4+ 71. Bxb4 Rxb4 0-1


[Site "https://www.chess.com"]

[Event "Titled Tuesday Blitz August 22 Early 2023"]
[White "Postlmayer, Jakob"]
[Black "Pershina, Elena"]
[WhiteFideId "1643622"]
[BlackFideId "24147516"]
[WhiteElo "2549"]
[BlackElo "2425"]
[Result "1-0"]
[Round "6"]
[TimeControl "180+1"]
[Date "2023.08.22"]
[WhiteClock "0:00:14"]
[BlackClock "0:00:00"]
[Board "118"]

1. c4 c6 2. Nf3 d5 3. e3 Nf6 4. Nc3 Bg4 5. cxd5 cxd5 6. Qb3 Bc8 7. d4 Nc6 8. Bd3 e6 9. Ne5 Nxe5 10. dxe5 Nd7 11. f4 Nc5 12. Bb5+ Bd7 13. Bxd7+ Qxd7 14. Qd1 Be7 15. O-O a5 16. Qe2 O-O 17. Rd1 Rfd8 18. e4 d4 19. Be3 d3 20. Qf2 b6 21. Rd2 Qc6 22. Qf3 b5 23. Rc1 b4 24. Nd1 Qb5 25. Nf2 Rac8 26. g3 h6 27. Kg2 a4 28. Bxc5 Rxc5 29. Rxc5 Bxc5 30. Rxd3 Rc8 31. Nd1 Bb6 32. Qe2 Qc5 33. Ne3 Qc1 34. Nf1 Rc2 35. Rd2 b3 36. axb3 axb3 37. Kh3 Qxb2 38. Qb5 Rxd2 39. Nxd2 Qxd2 40. Qxb6 b2 41. f5 Qd1 42. Qxb2 Qf1+ 43. Kg4 Qd1+ 44. Kf4 Qf1+ 45. Kg4 Qd1+ 46. Kh4 1-0


[Site "https://www.chess.com"]

[Event "Titled Tuesday Blitz August 22 Early 2023"]
[White "Budrewicz, Krzysztof"]
[Black "Buchenau, Frank"]
[WhiteFideId "1127950"]
[BlackFideId "4604350"]
[WhiteElo "2542"]
[BlackElo "2425"]
[Result "1-0"]
[Round "6"]
[TimeControl "180+1"]
[Date "2023.08.22"]
[WhiteClock "0:01:24"]
[BlackClock "0:00:08"]
[Board "119"]

1. d4 e6 2. c4 Nf6 3. Nf3 b6 4. g3 Bb7 5. Bg2 Be7 6. O-O O-O 7. d5 exd5 8. Nh4 c6 9. cxd5 Nxd5 10. Nf5 Bf6 11. e4 Nc7 12. Nd6 Ba6 13. Re1 Ne8 14. Bf4 Bxb2 15. Nd2 Bxa1 16. Qxa1 c5 17. Nf5 Nc6 18. Nf3 Qf6 19. Qd1 Nd4 20. N3xd4 cxd4 21. Nxd4 d6 22. h4 Nc7 23. Nf5 Ne6 24. Bxd6 Rfd8 25. Qb1 Rxd6 26. Nxd6 Nd4 27. e5 Nf3+ 28. Kh1 Qe6 29. Bxf3 Rd8 30. Kg2 1-0


[Site "https://www.chess.com"]

[Event "Titled Tuesday Blitz August 22 Early 2023"]
[White "Astafurov, Arseniy"]
[Black "Moral Garcia, Serafin"]
[WhiteFideId "24175218"]
[BlackFideId "2201925"]
[WhiteElo "2425"]
[BlackElo "2536"]
[Result "0-1"]
[Round "6"]
[TimeControl "180+1"]
[Date "2023.08.22"]
[WhiteClock "0:00:00"]
[BlackClock "0:00:48"]
[Board "120"]

1. c4 e5 2. Nc3 Nf6 3. Nf3 Nc6 4. e3 Bb4 5. Qc2 Bxc3 6. Qxc3 Qe7 7. Be2 O-O 8. O-O d6 9. d3 Bg4 10. Re1 e4 11. Nd4 Bxe2 12. Nxc6 bxc6 13. Rxe2 a5 14. b3 Rfb8 15. a3 exd3 16. Qxd3 Nd7 17. Rb1 Nc5 18. Qc2 Qe4 19. Qxe4 Nxe4 20. Bd2 Nc5 21. b4 axb4 22. axb4 Nd3 23. h4 Ra4 24. b5 Rxc4 25. Ba5 Rxb5 26. Ra1 h5 27. Bxc7 d5 28. Rea2 Rxh4 29. Ra8+ Kh7 30. Rc8 Rb2 31. Bg3 Rc4 32. Rc7 h4 0-1


[Site "https://www.chess.com"]

[Event "Titled Tuesday Blitz August 22 Early 2023"]
[White "Vovk, Orest"]
[Black "Pein, Jonathan"]
[WhiteFideId "14113490"]
[BlackFideId "417092"]
[WhiteElo "2535"]
[BlackElo "2424"]
[Result "1-0"]
[Round "6"]
[TimeControl "180+1"]
[Date "2023.08.22"]
[WhiteClock "0:00:03"]
[BlackClock "0:00:04"]
[Board "121"]

1. g4 c5 2. Bg2 Nc6 3. h3 d5 4. c4 d4 5. Bxc6+ bxc6 6. Qa4 Qc7 7. Nf3 h5 8. g5 g6 9. d3 Bg7 10. Nbd2 e5 11. Ne4 Ne7 12. Nxc5 O-O 13. Ne4 c5 14. Qa3 Nc6 15. Qxc5 Rb8 16. Nf6+ Kh8 17. b3 Rd8 18. Ba3 Bf8 19. Qxf8+ Rxf8 20. Bxf8 Be6 21. Bh6 Ne7 22. Nd2 Nf5 23. Nde4 Nxh6 24. gxh6 Bf5 25. f3 Qe7 26. h4 Bxe4 27. Nxe4 Kh7 28. c5 Kxh6 29. Rc1 a5 30. c6 Rc8 31. Kf2 Kg7 32. Rc4 Qe6 33. Rhc1 Qh3 34. c7 Qxh4+ 35. Kf1 Qh1+ 36. Kf2 Qh2+ 37. Ke1 Qh4+ 38. Kd1 f5 39. Nd6 Rxc7 40. Rxc7+ Kf6 41. Nf7 Qh1+ 42. Kd2 Qg2 43. R1c6+ Kg7 44. Nxe5+ Kf8 45. Rxg6 Qh2 46. Rf6+ Ke8 47. Re6+ Kd8 48. Rd7+ Kc8 49. Re8# 1-0


[Site "https://www.chess.com"]

[Event "Titled Tuesday Blitz August 22 Early 2023"]
[White "Khromkin, Andrey"]
[Black "Nazaretyan, Tigran"]
[WhiteFideId "4154126"]
[BlackFideId "24162345"]
[WhiteElo "2418"]
[BlackElo "2534"]
[Result "1/2-1/2"]
[Round "6"]
[TimeControl "180+1"]
[Date "2023.08.22"]
[WhiteClock "0:00:04"]
[BlackClock "0:00:06"]
[Board "122"]

1. d4 Nf6 2. c4 c5 3. Nf3 cxd4 4. Nxd4 e5 5. Nb5 d5 6. cxd5 Bc5 7. N5c3 e4 8. g3 h5 9. Bg5 Qb6 10. e3 Qxb2 11. Bxf6 gxf6 12. Nxe4 Qxa1 13. Nxc5 Qxa2 14. Bb5+ Bd7 15. Bxd7+ Nxd7 16. Nxd7 Qa5+ 17. Nd2 Kxd7 18. O-O Qxd5 19. Qa4+ b5 20. Qa1 h4 21. Rd1 hxg3 22. Ne4 gxf2+ 23. Kxf2 Rxh2+ 24. Kg3 Rh5 25. Rxd5+ Rxd5 26. Nxf6+ Ke6 27. Nxd5 Rg8+ 28. Kf3 Kxd5 29. Qxa7 Ke6 30. Qb6+ Ke7 31. Qxb5 Rg6 32. Qe5+ Re6 33. Qc7+ Kf6 34. Kf4 Kg7 35. e4 Kg6 36. e5 Kg7 37. Kf5 Rh6 38. Qd8 Rh5+ 39. Kf4 Rh6 40. Kg5 Rg6+ 41. Kf5 Re6 42. Qd4 Kg8 43. Qg4+ Kf8 44. Qh5 Kg7 45. Qg5+ Rg6 46. Qe7 Rh6 47. Kg5 Rg6+ 48. Kf5 Rh6 49. Ke4 Re6 50. Qg5+ Rg6 51. Qf5 Rh6 52. Kd5 Rg6 53. Qf4 Rh6 54. Qg5+ Rg6 55. Qe7 Rh6 56. Qb4 Rg6 57. Qd4 Re6 58. Qc3 Kg8 59. Qh3 Rg6 60. Qh5 Kg7 61. Qf5 Rh6 62. Ke4 Rg6 63. Kf4 Rh6 64. Qg5+ Rg6 65. Qe7 Rh6 66. Qd7 Rg6 67. Kf5 Rh6 68. Qe7 Rh5+ 69. Ke4 Rh6 70. Kd5 Rg6 71. Qh4 Rh6 72. Qf4 Rg6 73. Qf5 Rh6 74. Qc8 Rg6 75. Qh3 Rh6 76. Qc3 Kg8 77. Qc8+ Kg7 78. Qg4+ Rg6 79. Qf4 Kg8 80. Qd4 Rh6 81. Kc5 Rg6 82. Qd8+ Kg7 83. Kd5 Re6 84. Qh4 Rg6 85. Qh3 Rh6 86. Qf5 1/2-1/2


[Site "https://www.chess.com"]

[Event "Titled Tuesday Blitz August 22 Early 2023"]
[White "subham777"]
[Black "Manukian, Artak"]
[BlackFideId "13301373"]
[WhiteElo "2533"]
[BlackElo "2403"]
[Result "1-0"]
[Round "6"]
[TimeControl "180+1"]
[Date "2023.08.22"]
[WhiteClock "0:00:50"]
[BlackClock "0:01:13"]
[Board "123"]

1. e4 c6 2. c4 d5 3. cxd5 cxd5 4. exd5 Nf6 5. Nc3 Nxd5 6. Nf3 Nxc3 7. bxc3 Nc6 8. d4 Bg4 9. Bc4 e6 10. h3 Bh5 11. Be3 Bd6 12. O-O O-O 13. Be2 Rc8 14. c4 Bb8 15. d5 exd5 16. Qxd5 Qxd5 17. cxd5 Nb4 18. Rfd1 Rfd8 19. Rd2 Rxd5 20. Rb2 a5 21. a3 Nc2 22. Rc1 Bg6 23. Bd1 Rxd1+ 24. Rxd1 Nxe3 25. fxe3 Be4 26. Rbd2 Bc7 27. Rd7 Bc6 28. Rxc7 1-0


[Site "https://www.chess.com"]

[Event "Titled Tuesday Blitz August 22 Early 2023"]
[White "Albertini, Luca"]
[Black "Jovic, Stanoje"]
[WhiteFideId "847038"]
[BlackFideId "905020"]
[WhiteElo "2363"]
[BlackElo "2530"]
[Result "0-1"]
[Round "6"]
[TimeControl "180+1"]
[Date "2023.08.22"]
[WhiteClock "0:02:15"]
[BlackClock "0:02:12"]
[Board "124"]

1. e4 c6 2. d4 d5 3. e5 c5 4. dxc5 e6 5. Be3 Ne7 6. c3 Nd7 7. Bd4 Nc6 8. Bb5 Bxc5 9. Nf3 Qb6 10. Bxc6 bxc6 11. Bxc5 Nxc5 12. Qe2 Ba6 13. Qd2 Nd3+ 14. Kf1 Nxf2+ 15. Kg1 Ne4+ 16. Qd4 Qxb2 17. c4 Qc1+ 18. Qd1 Qxd1+ 19. Ne1 Qxe1# 0-1


[Site "https://www.chess.com"]

[Event "Titled Tuesday Blitz August 22 Early 2023"]
[White "Shishkov, Andrei"]
[Black "Tiarks, Jann-Christian"]
[WhiteFideId "4500563"]
[BlackFideId "12951595"]
[WhiteElo "2527"]
[BlackElo "2308"]
[Result "0-1"]
[Round "6"]
[TimeControl "180+1"]
[Date "2023.08.22"]
[WhiteClock "0:00:00"]
[BlackClock "0:00:45"]
[Board "125"]

1. d4 Nf6 2. c4 e6 3. Nc3 d5 4. cxd5 exd5 5. Bg5 Be7 6. e3 Bf5 7. Bxf6 Bxf6 8. Qb3 O-O 9. Qxd5 Qc8 10. Nf3 Nc6 11. Qb3 Re8 12. Be2 h6 13. O-O a6 14. Rac1 Qd7 15. Qd5 Rad8 16. Qxd7 Rxd7 17. h3 b5 18. Nxb5 axb5 19. Rxc6 b4 20. Rfc1 Ra8 21. Ra6 Rxa6 22. Bxa6 Be4 23. Bb5 Re7 24. a3 bxa3 25. bxa3 c6 26. Bc4 Ra7 27. Nd2 Bg6 28. Bb3 Rxa3 29. Rxc6 Ra1+ 30. Kh2 Bh4 31. g3 Bf6 32. e4 Re1 33. e5 Re2 34. exf6 Rxf2+ 35. Kg1 Rxd2 36. Rc8+ Kh7 37. fxg7 Kxg7 38. Rd8 Rd3 39. Bc4 Rxg3+ 40. Kh2 Rg5 41. h4 Rg4 42. Kh3 Bf5 43. Bd3 Rxd4+ 44. Bxf5 Rxd8 45. Kg4 Kf6 46. Bc2 Rd5 47. Bb3 Rb5 48. Bc2 Rc5 49. Bb3 Kg7 50. Kf4 Kg6 51. Kg4 h5+ 52. Kf4 Kf6 53. Bd1 Rc4+ 54. Kg3 Kg6 55. Be2 Rd4 0-1


[Site "https://www.chess.com"]

[Event "Titled Tuesday Blitz August 22 Early 2023"]
[White "matenitian"]
[Black "Dilmukhametov, Artur"]
[BlackFideId "24179922"]
[WhiteElo "2511"]
[BlackElo "2188"]
[Result "1-0"]
[Round "6"]
[TimeControl "180+1"]
[Date "2023.08.22"]
[WhiteClock "0:00:05"]
[BlackClock "0:00:04"]
[Board "126"]

1. e4 e6 2. d4 d5 3. Nc3 Bb4 4. e5 c5 5. a3 Ba5 6. Nf3 Ne7 7. dxc5 Bxc3+ 8. bxc3 Nd7 9. c4 Nxc5 10. cxd5 Qxd5 11. Be2 Bd7 12. O-O Qxd1 13. Rxd1 Nd5 14. Bd2 Ne4 15. Bc4 Ndc3 16. Bxc3 Nxc3 17. Rd3 Ne2+ 18. Kf1 Nf4 19. Rd4 Ng6 20. Rb1 Bc6 21. Bb5 Bxb5+ 22. Rxb5 b6 23. Ke2 Ke7 24. a4 Rhd8 25. Rxd8 Rxd8 26. g3 Kd7 27. a5 Kc7 28. axb6+ axb6 29. Rb4 h6 30. Rg4 Rd5 31. h4 Rc5 32. Kd2 Rd5+ 33. Ke2 Rc5 34. h5 Rxc2+ 35. Ke1 Ne7 36. Rxg7 Kd8 37. Rxf7 Nd5 38. Nd4 Rc4 39. Nxe6+ Ke8 40. Rh7 Re4+ 41. Kf1 Rxe5 42. Rxh6 b5 43. Nd4 b4 44. Rd6 Ke7 45. Ra6 Kd7 46. h6 Rh5 47. Ra7+ Kd6 48. g4 Rh4 49. Nf5+ Kc6 50. Nxh4 b3 51. Ra1 Nc3 52. Rc1 b2 53. Rxc3+ 1-0


[Site "https://www.chess.com"]

[Event "Titled Tuesday Blitz August 22 Early 2023"]
[White "ZeGood_ZeBad_ZeUgly"]
[Black "Shimanov, Aleksandr"]
[BlackFideId "4198603"]
[WhiteElo "2268"]
[BlackElo "2924"]
[Result "0-1"]
[Round "6"]
[TimeControl "180+1"]
[Date "2023.08.22"]
[WhiteClock "0:00:04"]
[BlackClock "0:00:04"]
[Board "127"]

1. e4 d5 2. exd5 Qxd5 3. Nc3 Qe5+ 4. Be2 Bg4 5. d4 Bxe2 6. Ncxe2 Qa5+ 7. Bd2 Qa6 8. Nf3 Nf6 9. Bb4 Nc6 10. Ba3 O-O-O 11. O-O e5 12. Bxf8 Rhxf8 13. c3 Rfe8 14. Qc2 e4 15. Ne1 h5 16. b4 Qc4 17. a4 h4 18. a5 g5 19. Nc1 h3 20. g3 Ng4 21. Qe2 Qe6 22. Nc2 f5 23. b5 Ne7 24. c4 Ng6 25. c5 f4 26. b6 a6 27. c6 f3 28. cxb7+ Kxb7 29. Qd2 e3 30. Nxe3 Nxe3 31. fxe3 Qxe3+ 32. Qxe3 Rxe3 33. Rb1 Rxd4 34. bxc7+ Kxc7 35. Rb3 Rde4 36. Rxf3 Re1+ 37. Rf1 Ne5 38. Rc3+ Kd6 39. Rxe1 Rxe1+ 40. Kf2 Rh1 41. Nd3 Rxh2+ 42. Ke3 Rg2 43. Nxe5 Kxe5 44. Kf3 Ra2 45. Rc5+ Kf6 46. Rc6+ Kg7 47. Rc7+ Kg6 48. Rc6+ Kf5 49. g4+ Ke5 50. Rc5+ Kf6 51. Rc6+ Kf7 52. Rxa6 h2 53. Rh6 Kg7 54. Rh5 Kg6 55. a6 Ra3+ 56. Kg2 Ra2+ 57. Kh1 Rxa6 58. Rxh2 Ra4 59. Rg2 Kf6 60. Kh2 Ke5 61. Kg3 Ra3+ 62. Kh2 Kf4 63. Rg1 Ra2+ 64. Kh3 Ra3+ 65. Kh2 Rc3 66. Rg2 Re3 67. Rg1 Kf3 68. Rg3+ Kf2 69. Rg2+ Kf1 70. Rg1+ Ke2 71. Rg2+ Kd3 72. Rg3 Ke4 73. Rg2 Kf4 74. Rg1 Re2+ 75. Kh3 Rf2 76. Rg3 Rf1 77. Ra3 Rh1+ 78. Kg2 Re1 79. Ra4+ Re4 80. Ra3 Kxg4 81. Rb3 Rd4 82. Ra3 Rd2+ 83. Kg1 Kf4 84. Rb3 g4 85. Rb8 Rd3 86. Rf8+ Kg3 87. Rf1 Kh3 88. Ra1 Rd2 89. Kf1 Rh2 90. Kg1 Rg2+ 91. Kh1 g3 92. Ra8 Rh2+ 93. Kg1 Rg2+ 94. Kh1 Rf2 95. Rh8+ Kg4 96. Rg8+ Kf3 97. Rf8+ Ke2 98. Re8+ Kf1 99. Rg8 Rh2# 0-1


[Site "https://www.chess.com"]

[Event "Titled Tuesday Blitz August 22 Early 2023"]
[White "Blanco Ronquillo, Humberto L."]
[Black "Goldin, Roman"]
[WhiteFideId "3504239"]
[BlackFideId "2803860"]
[WhiteElo "2703"]
[BlackElo "2425"]
[Result "1-0"]
[Round "6"]
[TimeControl "180+1"]
[Date "2023.08.22"]
[WhiteClock "0:00:29"]
[BlackClock "0:00:00"]
[Board "128"]

1. d4 Nf6 2. c4 Nc6 3. Nf3 e6 4. g3 Bb4+ 5. Bd2 Qe7 6. a3 Bxd2+ 7. Qxd2 d6 8. Nc3 e5 9. Nd5 Nxd5 10. cxd5 Nxd4 11. Nxd4 exd4 12. Qxd4 O-O 13. Bg2 Bd7 14. Rc1 c5 15. dxc6 bxc6 16. O-O c5 17. Qd2 Rab8 18. b4 Rfc8 19. Rfd1 Be6 20. Qxd6 Qxd6 21. Rxd6 cxb4 22. Rxc8+ Rxc8 23. axb4 Rc1+ 24. Bf1 Kf8 25. Kg2 Bh3+ 26. Kxh3 Rxf1 27. Kg2 Rb1 28. Rd7 Rxb4 29. Rxa7 g6 30. Rd7 Rb3 31. g4 Rb5 32. h4 h5 33. g5 Rb4 34. Kg3 Rg4+ 35. Kh3 Rf4 36. f3 Rc4 37. Kg3 Rb4 38. e4 Ra4 39. Rd2 Ra5 40. Rd3 Ra4 41. Re3 Ra5 42. f4 Ra1 43. f5 Ra5 44. Kf4 Ra4 45. f6 Ke8 46. Rb3 1-0


[Site "https://www.chess.com"]

[Event "Titled Tuesday Blitz August 22 Early 2023"]
[White "Kleiman, Jake"]
[Black "Namitbir Singh Walia"]
[WhiteFideId "2020041"]
[BlackFideId "35071068"]
[WhiteElo "2689"]
[BlackElo "2421"]
[Result "0-1"]
[Round "6"]
[TimeControl "180+1"]
[Date "2023.08.22"]
[WhiteClock "0:00:00"]
[BlackClock "0:00:18"]
[Board "129"]

1. Nf3 d5 2. g3 d4 3. Bg2 c5 4. O-O Nc6 5. d3 g6 6. c4 Bg7 7. Na3 Nf6 8. Bd2 O-O 9. Nc2 a5 10. Bf4 Nd7 11. Qd2 e5 12. Bh6 Qe7 13. Bxg7 Kxg7 14. e3 Qd6 15. exd4 cxd4 16. Ng5 Nc5 17. Ne4 Nxe4 18. Bxe4 f5 19. Bg2 Bd7 20. f4 Rfe8 21. Rae1 Qc5 22. Kh1 Re7 23. Qf2 Rae8 24. Bd5 e4 25. dxe4 fxe4 26. Qd2 e3 27. Qe2 Bf5 28. Rd1 d3 29. Rxd3 Bxd3 30. Qxd3 e2 31. Re1 Nb4 32. Qc3+ Kh6 33. Nxb4 axb4 34. Qd2 Qf2 0-1


[Site "https://www.chess.com"]

[Event "Titled Tuesday Blitz August 22 Early 2023"]
[White "Piesik, Piotr"]
[Black "Rosenberg, Evan S"]
[WhiteFideId "1136194"]
[BlackFideId "2019299"]
[WhiteElo "2648"]
[BlackElo "2421"]
[Result "1-0"]
[Round "6"]
[TimeControl "180+1"]
[Date "2023.08.22"]
[WhiteClock "0:00:13"]
[BlackClock "0:00:11"]
[Board "130"]

1. Nf3 d5 2. g3 Nd7 3. Bg2 e5 4. d3 Ngf6 5. O-O Bd6 6. Nbd2 O-O 7. e4 c6 8. a4 a5 9. Qe2 Re8 10. Nb3 h6 11. Bd2 b6 12. Rfd1 Ba6 13. Qe1 d4 14. Nh4 Bf8 15. Nf5 Kh7 16. Bh3 g6 17. Nh4 Nc5 18. Nxc5 Bxc5 19. f4 exf4 20. gxf4 Nd5 21. Qg3 Ne3 22. Rdc1 Be7 23. Nf3 Bf6 24. c4 c5 25. Kh1 Bb7 26. Rg1 Rg8 27. Rae1 Qe8 28. b3 Rd8 29. Ng5+ Kh8 30. Nf3 Qe7 31. Bxe3 dxe3 32. Rxe3 Rge8 33. Bg2 Rd7 34. e5 Bg7 35. Nd2 Bxg2+ 36. Qxg2 Red8 37. Qf3 Qh4 38. Ne4 Rd4 39. Qg3 Qe7 40. Nd6 R8xd6 41. exd6 Qxd6 42. f5 g5 43. Qxd6 Rxd6 44. Rge1 Bd4 45. Rf3 Kg7 46. h3 Kf6 47. Kg2 Bc3 48. Re8 h5 49. Rg8 Be5 50. Kf1 Bf4 51. h4 Kxf5 52. Rxg5+ 1-0


[Site "https://www.chess.com"]